 Dungeon Crawl Stone Soup version 0.24-a0-507-g3e8b242632 (webtiles) character file.

Game seed: 9360060294659715265

4288 mopl the Cleaver (level 10, -1/70 HPs)
             Began as a Demonspawn Fighter on July 18, 2019.
             Was a Follower of Makhleb.
             Killed from afar by an oklob plant (10 damage)
             ... with a splash of acid
             ... on level 8 of the Dungeon.
             The game lasted 00:25:11 (12376 turns).

mopl the Cleaver (Demonspawn Fighter)              Turns: 12376, Time: 00:25:11

Health: -1/70      AC: 16    Str: 19      XL:     10   Next: 10%
Magic:  0/18       EV:  5    Int:  9      God:    Makhleb [*.....]
Gold:   252        SH:  0    Dex: 12 (14) Spells: 7/9 levels left

rFire    + . .     SeeInvis .   a - +0 battleaxe
rCold    . . .     Gourm    .   (shield currently unavailable)
rNeg     . . .     Faith    .   D - +0 plate armour
rPois    .         Spirit   +   (no helmet)
rElec    .         Reflect  .   t - scarf {cloud immunity}
rCorr    .         Harm     .   (no gloves)
MR       .....                  (no boots)
Stlth    ..........             (no amulet)
HPRegen  0.21/turn              S - ring of protection from fire
MPRegen  0.32/turn              H - +3 ring of protection

@: corroded, sanguine armour
A: claws 1, nightstalker 2, magic shield, magic regeneration, sanguine armour 1
a: Renounce Religion


You were on level 8 of the Dungeon.
You worshipped Makhleb.
Makhleb was aware of your devotion.
You were hungry.

You visited 1 branch of the dungeon, and saw 8 of its levels.
You also visited: Bailey.

You collected 387 gold pieces.
You spent 135 gold pieces at shops.

Inventory:

Hand Weapons
 a - a +0 battleaxe (weapon)
 b - a +0 arbalest
 w - a +2 dagger of venom
 C - a +1 falchion of flaming
 G - a +1 war axe
 I - the +8 demon blade "Leech" {vamp, rN+ AC-3 EV-3}
   (You found it in a bailey)

   It inflicts no extra harm, but heals its wielder when it wounds a living foe.
   It affects your AC (-3).
   It affects your evasion (-3).
   It protects you from negative energy.
Missiles
 p - 32 poisoned darts (quivered)
 x - 244 bolts
 F - 4 boomerangs
Armour
 c - a +0 shield
 k - a +0 scale mail
 t - a scarf of cloud immunity (worn)
 D - a +0 plate armour (worn)
Jewellery
 j - an uncursed ring of wizardry
 q - an uncursed ring of protection from cold
 s - an uncursed ring of flight
 H - a +3 ring of protection (right claw)
 S - a ring of protection from fire (left claw)
Wands
 v - a wand of polymorph (4)
 L - a wand of acid (8)
 O - a wand of digging (3)
Scrolls
 e - 6 scrolls of enchant weapon
 l - 4 scrolls of remove curse {unknown}
 m - 7 scrolls of enchant armour {unknown}
 o - 3 scrolls of teleportation
 r - 2 scrolls of immolation {unknown}
 y - 2 scrolls of amnesia {unknown}
 z - a scroll of vulnerability {unknown}
 E - 5 scrolls of fear
 K - a scroll of noise {unknown}
 P - a scroll of magic mapping {unknown}
 Q - a scroll of fog
Potions
 d - 2 potions of might
 g - 3 potions of haste
 h - a potion of lignification {!q}
 i - a potion of mutation {!q}
 n - 2 potions of resistance
 u - 2 potions of brilliance
 A - 2 potions of curing
 B - a potion of invisibility
 M - a potion of magic {unknown}
 R - 2 potions of heal wounds
Comestibles
 f - 10 rations
 N - 2 chunks of flesh


   Skills:
 - Level 3.0 Fighting
 + Level 11.1 Axes
 - Level 2.6 Armour
 - Level 2.6 Shields
 + Level 10.7 Invocations


You had 7 spell levels left.
You knew the following spells:

 Your Spells              Type           Power        Failure   Level  Hunger
e - Blink                 Tloc           N/A          100%        2    ###....

Your spell library contained the following spells:

 Spells                   Type           Power        Failure   Level  Hunger
 Magic Dart               Conj           #...         100%        1    ##.....
 Call Imp                 Summ           #.......     100%        2    ###....
 Slow                     Hex            #.......     100%        2    ###....
 Conjure Flame            Conj/Fire      #.......     100%        3    ####...
 Mephitic Cloud           Conj/Pois/Air  #.......     100%        3    ####...


Dungeon Overview and Level Annotations

Branches:
Dungeon (8/15)             Temple (0/1) D:7
   Lair: D:8-11

Altars:
Ashenzari
Cheibriados
Dithmenos
Elyvilon
Fedhas
Gozag
Makhleb
Qazlal
Ru
Uskayaw
Vehumet
Xom
Yredelemnul
The Shining One

Shops:
D:5 (   D:8 *

Annotations:
D:8 3 runed translucent doors, exclusion: oklob plant


Innate Abilities, Weirdness & Mutations

You have sharp fingernails.
You are significantly more attuned to the shadows.
When hurt, damage is shared between your health and your magic reserves.
You regenerate magic rapidly.
When seriously injured, your bleeding wounds create armour. (AC +6)


Message History

You slash the oklob plant!
The oklob plant is heavily damaged.
You slash the plant! You hit the bush but do no damage.
You hit the oklob plant.
The oklob plant is severely damaged.
You hit the bush. You slash the plant! The oklob plant spits acid at you.
The splash of acid hits you.
You are splashed with acid!
You slash the oklob plant!
The oklob plant is severely damaged.
You hit the plant but do no damage. You slash the bush!
The oklob plant spits acid at you. The splash of acid hits you.
* * * LOW HITPOINT WARNING * * *
The acid corrodes you!
You are splashed with acid!
* * * LOW HITPOINT WARNING * * *
You are feeling hungry.
The oklob plant spits acid at you. The splash of acid hits you!
You die...

............# ##P......_.≈≈≈≈....
..........###P#PP.≈≈≈≈...≈≈≈≈.###
..........# #PP.P.≈≈≈≈≈≈≈≈≈≈≈.PP#
########### ##PPP..≈≈≈≈≈≈≈≈≈..PP#
#PPPPP..≈≈≈≈≈≈≈..PPP#
#PP.P.P..≈≈≈≈≈..PP#P
##P%PP.#.......P##P #...P.PP#P..P


#PP.@PP#PPPPP ###P%.PP#.PPP PPPPPP.PPPPP ############ You could see an oklob
plant.

Vanquished Creatures
  An orc knight (Bailey)
  A centaur zombie (D:7)
  A fire bat (D:3)
  Menkaure (D:6)
  2 sky beasts
  11 orc warriors (Bailey)
  A phantom (D:8)
  3 ogres
  3 centaurs (D:5)
  A crocodile (D:7)
  2 bullfrogs
  A scorpion (D:6)
  A jelly (D:5)
  A howler monkey (D:8)
  3 crimson imps
  2 quasits
  A bullfrog zombie (D:7)
  2 orc priests
  2 hounds
  10 orc wizards
  2 bullfrog skeletons
  An iguana (D:8)
  5 worker ants
  A hound skeleton (D:6)
  3 gnolls
  8 adders
  A shadow imp (D:7)
  An adder zombie (D:6)
  4 worms
  2 leopard geckos
  44 orcs
  3 ball pythons
  3 bats (D:2)
  3 giant cockroaches
  5 goblins
  6 hobgoblins
  11 jackals
  7 kobolds
  A quokka (D:7)
  7 frilled lizards
  A quokka skeleton (D:5)
  8 rats
  2 plants (D:8)
179 creatures vanquished.

Vanquished Creatures (others)
  An orc wizard (D:5)
1 creature vanquished.

Grand Total: 180 creatures vanquished

Notes
Turn   | Place    | Note
-------+----------+-------------------------------------------
     0 | D:1      | mopl the Demonspawn Fighter began the quest for the Orb.
     0 | D:1      | Reached XP level 1. HP: 18/18 MP: 1/1
    58 | D:1      | Reached skill level 2 in Axes
   420 | D:1      | Gained mutation: When hurt, damage is shared between your
                  | health and your magic reserves. [demonic ancestry]
   420 | D:1      | Reached XP level 2. HP: 16/24 MP: 2/2
   740 | D:1      | Reached skill level 3 in Axes
   846 | D:2      | Gained mutation: You are slightly more attuned to the
                  | shadows. [demonic ancestry]
   846 | D:2      | Reached XP level 3. HP: 21/29 MP: 3/3
  1525 | D:2      | Found a shadowy altar of Dithmenos.
  1654 | D:2      | Reached XP level 4. HP: 31/35 MP: 4/4
  1662 | D:1      | Reached skill level 4 in Axes
  2365 | D:3      | Gained mutation: You are significantly more attuned to the
                  | shadows. [demonic ancestry]
  2365 | D:3      | Reached XP level 5. HP: 12/41 MP: 3/5
  2601 | D:3      | Found a shattered altar of Ashenzari.
  2641 | D:3      | Reached skill level 5 in Axes
  3193 | D:3      | Found a white marble altar of Elyvilon.
  3650 | D:4      | Found a stormy altar of Qazlal.
  3658 | D:4      | Found a shimmering altar of Xom.
  3901 | D:4      | Gained mutation: You regenerate magic rapidly. [demonic
                  | ancestry]
  3901 | D:4      | Reached XP level 6. HP: 26/47 MP: 3/6
  4198 | D:4      | Reached skill level 6 in Axes
  4246 | D:4      | Noticed a fire bat
  4246 | D:4      | a scorpion changed into a fire bat
  4490 | D:3      | Killed a fire bat
  4610 | D:4      | Found a basalt altar of Yredelemnul.
  4625 | D:4      | Found a glowing golden altar of the Shining One.
  4628 | D:4      | Noticed an angel
  4645 | D:4      | Noticed a profane servitor
  4798 | D:5      | Entered Level 5 of the Dungeon
  4799 | D:5      | Found a sacrificial altar of Ru.
  4800 | D:5      | Found a snail-covered altar of Cheibriados.
  4810 | D:5      | Reached skill level 7 in Axes
  4810 | D:5      | Reached XP level 7. HP: 52/52 MP: 7/7
  5558 | D:5      | Reached skill level 8 in Axes
  5645 | D:5      | Found Memaemp's Weapon Boutique.
  5804 | D:5      | Found a radiant altar of Vehumet.
  5805 | D:5      | Found a burning altar of Makhleb.
  5870 | D:5      | Became a worshipper of Makhleb the Destroyer
  6163 | D:6      | Noticed Menkaure
  6170 | D:6      | Killed Menkaure
  6170 | D:6      | Reached skill level 2 in Invocations
  6532 | D:6      | Gained mutation: You have sharp fingernails. [demonic
                  | ancestry]
  6532 | D:6      | Reached XP level 8. HP: 49/58 MP: 7/9
  6573 | D:6      | Reached skill level 3 in Invocations
  6900 | D:6      | Reached skill level 4 in Invocations
  7056 | D:6      | Reached skill level 9 in Axes
  7120 | D:6      | Found an opulent altar of Gozag.
  7705 | D:7      | Reached skill level 6 in Invocations
  7772 | D:7      | Learned a level 2 spell: Blink
  7801 | D:7      | Reached skill level 7 in Invocations
  7801 | D:7      | Reached XP level 9. HP: 24/63 MP: 7/14
  7829 | D:7      | Found a flagged portal.
  7978 | D:7      | Found a hide-covered altar of Uskayaw.
  8066 | Bailey   | Entered a bailey
  8410 | Bailey   | HP: 3/63 [orc warrior (12)]
  9786 | Bailey   | Reached skill level 10 in Axes
  9938 | Bailey   | Reached skill level 8 in Invocations
 10740 | Bailey   | Reached skill level 9 in Invocations
 10784 | Bailey   | Found a roughly hewn altar of Beogh.
 10784 | Bailey   | Noticed an orc knight
 10785 | Bailey   | Found the +8 demon blade "Leech" {vamp, rN+ AC-3 EV-3}
 10846 | Bailey   | Killed an orc knight
 10846 | Bailey   | Reached skill level 10 in Invocations
 10852 | Bailey   | Reached * piety under Makhleb
 11224 | D:7      | Found a staircase to the Ecumenical Temple.
 11524 | D:7      | Reached skill level 11 in Axes
 11901 | D:8      | Gained mutation: When seriously injured, your bleeding
                  | wounds create armour. (AC +6) [demonic ancestry]
 11901 | D:8      | Reached XP level 10. HP: 58/70 MP: 17/17
 12046 | D:8      | Found Giywat's General Store.
 12052 | D:8      | Bought a scroll of fog for 20 gold pieces
 12052 | D:8      | Bought a scroll of fear for 35 gold pieces
 12052 | D:8      | Bought a scroll of teleportation for 30 gold pieces
 12052 | D:8      | Bought a potion of heal wounds for 50 gold pieces
 12251 | D:8      | Found a runed translucent gate.
 12251 | D:8      | Found a runed translucent gate.
 12254 | D:8      | Found a runed translucent gate.
 12261 | D:8      | Upgraded the game from 0.24-a0-504-gcfb02b9d07 to
                  | 0.24-a0-507-g3e8b242632
 12314 | D:8      | Found a blossoming altar of Fedhas.
 12338 | D:8      | Noticed an oklob plant
 12376 | D:8      | Killed from afar by an oklob plant

Levels and vault maps discovered:
D:1:      dpeg_arrival_arbitrary_a, layout_basic, minmay_strange_pillars
D:2:      layout_rooms, nicolae_dithmenos_through_a_glass_darkly
D:3:      layout_basic, nicolae_overflow_crystal_walls,
          lemuel_coloured_pillars_altar, first_ration
D:4:      layout_rooms, grunt_temple_overflow_holy_war, grunt_qazlal_clouds,
          lemuel_doored_altar, serial_bayou_lake_a
D:5:      layout_basic, grunt_temple_overflow_lords_of_destruction,
          grunt_temple_overflow_open, serial_shops, shop_statue
D:6:      layout_loops_corners, grunt_gozag_breadcrumbs, uniq_menkaure
D:7:      layout_loops_ring, nicolae_overflow_hidden_temple,
          minmay_temple_entry_hall, enter_bailey_8,
          minmay_fractal_squares_gapless_5
D:8:      layout_basic, tgw_fedhas, serial_shops, nicolae_shop_crystal,
          gammafunk_ghost_spectres

Skill      XL: |  1  2  3  4  5  6  7  8  9 |
---------------+----------------------------+-----
Axes           | 2 3 4 5 7 8 9 11 | 11.1
Invocations    | 2 7 10 | 10.7
Fighting       | |  3.0
Armour         | |  2.6
Shields        | |  2.6

Action                   |  1- 3 |  4- 6 |  7- 9 | 10-12 || total
-------------------------+-------+-------+-------+-------++-------
Melee: War axe           |   151 |   179 |   266 |       ||   596
       Dagger            |       |    10 |    14 |       ||    24
       Battleaxe         |       |       |    55 |    85 ||   140
 Fire: Arbalest          |       |       |   123 |       ||   123
Throw: Dart              |       |       |    19 |       ||    19
 Abil: Evoke Flight      |       |       |    12 |       ||    12
Evoke: Wand              |       |     1 |     1 |       ||     2
  Use: Scroll            |     1 |     4 |     2 |       ||     7
       Potion            |       |     2 |     6 |       ||     8
 Stab: Sleeping          |       |     3 |     3 |       ||     6
  Eat: Chunk             |     3 |    10 |    17 |     2 ||    32
       Ration            |       |       |     2 |       ||     2
Armor: Scale mail        |    76 |    69 |    81 |       ||   226
       Plate armour      |       |       |   118 |    38 ||   156
Dodge: Dodged            |    44 |    48 |   154 |    15 ||   261
Block: Shield            |    85 |    68 |   105 |       ||   258

Table legend:
 A = Non-vault XP
 B = Vault XP
 C = Vault XP percentage of total XP
 D = Non-vault monster count
 E = Vault monster count
 F = Vault count percentage of total count
                 A         B        C        D         E       F
            +---------+---------+-------+---------+---------+-------
      Total |    3604 |    2522 |  41.2 |     149 |      29 |  16.3
            +---------+---------+-------+---------+---------+-------
        D:1 |      66 |       0 |   0.0 |      23 |       0 |   0.0
        D:2 |      96 |       0 |   0.0 |      20 |       0 |   0.0
        D:3 |     306 |       0 |   0.0 |      26 |       0 |   0.0
        D:4 |     178 |       0 |   0.0 |      10 |       0 |   0.0
        D:5 |     546 |      48 |   8.1 |      21 |       1 |   4.5
        D:6 |     604 |     169 |  21.9 |      19 |       1 |   5.0
        D:7 |    1182 |      41 |   3.4 |      14 |       1 |   6.7
        D:8 |     626 |       0 |   0.0 |      16 |       0 |   0.0
     Bailey |       0 |    2264 | 100.0 |       0 |      26 | 100.0
            +---------+---------+-------+---------+---------+-------
